PIO (24 & UNDER)
SURREY SINNERS @ JASPER COUGARS
04/20/2029
 
TOP OF THE 1ST
Surrey Sinners batting - Pitching for Jasper Cougars : LHP Edgardo Reyes
Pitching: LHP Edgardo Reyes
Batting: RHB Clarence Harrison 0-0: Foul Ball, location: 2F
0-1: Ball
1-1: Foul Ball, location: 2F
1-2: Fly out, F8 (Flyball, 8RD)
Batting: RHB Tim van der Kamp 0-0: Foul Ball, location: 2F
0-1: Foul Ball, location: 2F
0-2: Foul Ball, location: 2F
0-2: Ball
1-2: Ball
2-2: Foul Ball, location: 2F
2-2: Ground out 4-3 (Groundball, 4D)
Batting: LHB Ernesto Meléndez 0-0: Called Strike
0-1: Foul Ball, location: 2F
0-2: Ball
1-2: Strikes out swinging
Top of the 1st over - 0 runs, 0 hits, 0 errors, 0 left on base; Surrey 0 - Jasper 0
BOTTOM OF THE 1ST
Jasper Cougars batting - Pitching for Surrey Sinners : RHP Rubén Cruz
Pitching: RHP Rubén Cruz
Batting: RHB Jesús Velásquez 0-0: Ball
1-0: Foul Ball, location: 2F
1-1: Bunt for hit - play at first, batter OUT! 1-3
Batting: RHB Ben Wilson 0-0: Ball
1-0: Called Strike
1-1: Called Strike
1-2: Foul Ball, location: 2F
1-2: Fly out, F8 (Flyball, 8LXD)
Batting: SHB Lonnie Washington 0-0: Called Strike
0-1: Ball
1-1: Ball
2-1: SINGLE (Groundball, 6D)
Batting: RHB José Maldonado 0-0: Ball
Lonnie Washington is caught stealing 2nd base
Bottom of the 1st over - 0 runs, 1 hit, 0 errors, 0 left on base; Surrey 0 - Jasper 0
TOP OF THE 2ND
Surrey Sinners batting - Pitching for Jasper Cougars : LHP Edgardo Reyes
Batting: LHB Iván Espinosa 0-0: Swinging Strike
0-1: Swinging Strike
0-2: Ball
1-2: Foul Ball, location: 2F
1-2: Strikes out looking
Batting: RHB Jorge Barrios 0-0: Called Strike
0-1: Ball
1-1: Called Strike
1-2: Ball
2-2: Ball
3-2: Base on Balls
Batting: LHB Joe Spears 0-0: Ball
1-0: Foul Ball, location: 2F
1-1: Swinging Strike
1-2: Ground out 5-3 (Groundball, 56S)
Jorge Barrios to second
Batting: RHB Don Jackson 0-0: Ball
1-0: Swinging Strike
1-1: Ball
2-1: Ball
3-1: Called Strike
3-2: SINGLE (Line Drive, 56)
Jorge Barrios to third
Jorge Barrios scores
Batting: LHB Martín Garza 0-0: Fly out, F8 (Line Drive, 78D)
Top of the 2nd over - 1 run, 1 hit, 0 errors, 1 left on base; Surrey 1 - Jasper 0
BOTTOM OF THE 2ND
Jasper Cougars batting - Pitching for Surrey Sinners : RHP Rubén Cruz
Batting: RHB José Maldonado 0-0: Foul Ball, location: 2F
0-1: Ball
1-1: Ground out 3-1 (Groundball, 34S)
Batting: SHB Jerry Young 0-0: Ball
1-0: Called Strike
1-1: Swinging Strike
1-2: Ball
2-2: Ball
3-2: Foul Ball, location: 2F
3-2: Strikes out looking
Batting: RHB Nicholas Harris 0-0: Foul Ball, location: 2F
0-1: Called Strike
0-2: Ball
1-2: Ground out 6-3 (Groundball, 6)
Bottom of the 2nd over - 0 runs, 0 hits, 0 errors, 0 left on base; Surrey 1 - Jasper 0
TOP OF THE 3RD
Surrey Sinners batting - Pitching for Jasper Cougars : LHP Edgardo Reyes
Batting: RHB Jesús Herrera 0-0: Ball
1-0: Swinging Strike
1-1: Called Strike
1-2: Strikes out swinging
Batting: RHB Clarence Harrison 0-0: Swinging Strike
0-1: Foul Ball, location: 2F
0-2: Fly out, F9 (Flyball, 9)
Batting: RHB Tim van der Kamp 0-0: Ball
1-0: Ball
2-0: Ball
3-0: Base on Balls
Batting: LHB Ernesto Meléndez 0-0: Swinging Strike
Tim van der Kamp steals 2nd base
0-1: Ball
1-1: Ball
2-1: Foul Ball, location: 2F
2-2: Foul Ball, location: 2F
2-2: Ball
3-2: Ground out 3-1 (Groundball, 34S)
Top of the 3rd over - 0 runs, 0 hits, 0 errors, 1 left on base; Surrey 1 - Jasper 0
BOTTOM OF THE 3RD
Jasper Cougars batting - Pitching for Surrey Sinners : RHP Rubén Cruz
Batting: RHB Alberto Castillo 0-0: Ball
1-0: Ball
2-0: Ball
3-0: Called Strike
3-1: Foul Ball, location: 2F
3-2: Foul Ball, location: 2F
3-2: Base on Balls
Batting: RHB Alberto Morín 0-0: Ball
1-0: Called Strike
1-1: Foul Ball, location: 2F
1-2: Foul Ball, location: 2F
1-2: Strikes out looking
Batting: RHB Júlio González 0-0: Ball
1-0: Grounds into double play, 6-4-3 (Groundball, 6)
Bottom of the 3rd over - 0 runs, 0 hits, 0 errors, 0 left on base; Surrey 1 - Jasper 0
TOP OF THE 4TH
Surrey Sinners batting - Pitching for Jasper Cougars : LHP Edgardo Reyes
Batting: LHB Iván Espinosa 0-0: Called Strike
0-1: Foul Ball, location: 2F
0-2: Fly out, F8 (Line Drive, 8RXD)
Batting: RHB Jorge Barrios 0-0: Ball
1-0: Called Strike
1-1: Called Strike
1-2: Foul Ball, location: 2F
1-2: Ball
2-2: Ball
3-2: Foul Ball, location: 2F
3-2: Fly out, F7 (Flyball, 7S)
Batting: LHB Joe Spears 0-0: Called Strike
0-1: Ball
1-1: Ground out U3 (Groundball, 3S)
Top of the 4th over - 0 runs, 0 hits, 0 errors, 0 left on base; Surrey 1 - Jasper 0
BOTTOM OF THE 4TH
Jasper Cougars batting - Pitching for Surrey Sinners : RHP Rubén Cruz
Batting: RHB Jesús Velásquez 0-0: Foul Ball, location: 2F
0-1: Ball
1-1: Ball
2-1: Ball
3-1: Base on Balls
Batting: RHB Ben Wilson 0-0: Ball
1-0: Foul Ball, location: 2F
1-1: Foul Ball, location: 2F
1-2: Ball
2-2: SINGLE (Groundball, 34D)
Jesús Velásquez to second
Runner from 2nd tries for 3rd, OUT!
Batting: SHB Lonnie Washington 0-0: Called Strike
0-1: Ball
1-1: Ball
2-1: Ball
3-1: Base on Balls
Ben Wilson to second
Batting: RHB José Maldonado 0-0: Called Strike
0-1: SINGLE (Groundball, 56D)
Ben Wilson to third
Lonnie Washington to second
Runner from 3rd tries for Home, SAFE, no throw
Batting: SHB Jerry Young 0-0: Called Strike
0-1: Ball
1-1: Called Strike
1-2: Ball
2-2: DOUBLE (Groundball, 3L)
Lonnie Washington scores
José Maldonado to third
Runner from 3rd tries for Home, SAFE, no throw
Batting: RHB Nicholas Harris 0-0: Ball
Jerry Young is caught stealing 3rd base
1-0: Called Strike
1-1: Ball
2-1: Ball
3-1: Base on Balls
Batting: RHB Alberto Castillo 0-0: Called Strike
0-1: Foul Ball, location: 2F
0-2: Foul Ball, location: 2F
0-2: Ball
Nicholas Harris steals 2nd base
1-2: Strikes out swinging
Bottom of the 4th over - 3 runs, 3 hits, 0 errors, 1 left on base; Surrey 1 - Jasper 3
TOP OF THE 5TH
Surrey Sinners batting - Pitching for Jasper Cougars : LHP Edgardo Reyes
Batting: RHB Don Jackson 0-0: Called Strike
0-1: Ball
1-1: Foul Ball, location: 2F
1-2: Foul Ball, location: 2F
1-2: Strikes out looking
Batting: LHB Martín Garza 0-0: Called Strike
0-1: Ground out 6-3 (Groundball, 6)
Batting: RHB Jesús Herrera 0-0: Ball
1-0: Called Strike
1-1: Ball
2-1: Foul Ball, location: 2F
2-2: Ball
3-2: Foul Ball, location: 2F
3-2: Base on Balls
Batting: RHB Clarence Harrison 0-0: Called Strike
0-1: DOUBLE (Line Drive, 78D)
Jesús Herrera to third
Runner from 3rd tries for Home, SAFE, no throw
Batting: RHB Tim van der Kamp 0-0: SINGLE (Groundball, 6MD)
Clarence Harrison to third
Runner from 3rd tries for Home, SAFE, throw made home
Tim van der Kamp to second
Batting: LHB Ernesto Meléndez 0-0: Ball
1-0: Fly out, F7 (Flyball, 7LSF)
Top of the 5th over - 2 runs, 2 hits, 0 errors, 1 left on base; Surrey 3 - Jasper 3
BOTTOM OF THE 5TH
Jasper Cougars batting - Pitching for Surrey Sinners : RHP Rubén Cruz
Batting: RHB Alberto Morín 0-0: Ball
1-0: Swinging Strike
1-1: Foul Ball, location: 2F
1-2: Reached on error, E5 (Groundball, 56)
Batting: RHB Júlio González 0-0: Ball
1-0: SINGLE (Groundball, 6MD)
Alberto Morín to second
Batting: RHB Jesús Velásquez 0-0: Foul Ball, location: 2F
0-1: Swinging Strike
0-2: Foul Ball, location: 2F
0-2: Ball
1-2: Ground out 5-3 (Groundball, 2L)
Alberto Morín to third
Júlio González to second
Batting: RHB Ben Wilson 0-0: Ball
1-0: Called Strike
1-1: Foul Ball, location: 2F
1-2: Strikes out looking
Batting: SHB Lonnie Washington 0-0: Ball
1-0: Ball
2-0: Ground out 6-3 (Groundball, 6S)
Bottom of the 5th over - 0 runs, 1 hit, 1 error, 2 left on base; Surrey 3 - Jasper 3
TOP OF THE 6TH
Surrey Sinners batting - Pitching for Jasper Cougars : LHP Edgardo Reyes
Batting: LHB Iván Espinosa 0-0: Fly out, F8 (Flyball, 8LD)
Batting: RHB Jorge Barrios 0-0: Called Strike
0-1: Swinging Strike
0-2: Strikes out swinging
Batting: LHB Joe Spears 0-0: Ball
1-0: Swinging Strike
1-1: Ball
2-1: Ground out 4-3 (Groundball, 4)
Top of the 6th over - 0 runs, 0 hits, 0 errors, 0 left on base; Surrey 3 - Jasper 3
BOTTOM OF THE 6TH
Jasper Cougars batting - Pitching for Surrey Sinners : RHP Rubén Cruz
Pitching: LHP José Morales
Batting: RHB José Maldonado 0-0: Ball
1-0: Foul Ball, location: 2F
1-1: Fly out, F3 (Line Drive, 34)
Batting: SHB Jerry Young 0-0: Fly out, F4 (Line Drive, 4M)
Batting: RHB Nicholas Harris 0-0: Foul Ball, location: 2F
0-1: SINGLE (Line Drive, 8LS)
Batting: RHB Alberto Castillo 0-0: Swinging Strike
0-1: Ball
1-1: Fielders Choice at 2nd, 5-4 (Groundball, 56)
Bottom of the 6th over - 0 runs, 1 hit, 0 errors, 1 left on base; Surrey 3 - Jasper 3
TOP OF THE 7TH
Surrey Sinners batting - Pitching for Jasper Cougars : LHP Edgardo Reyes
Pitching: RHP Júlio Rosales
Pinch Hitting: SHB Norberto Muńóz 0-0: Swinging Strike
0-1: Ball
1-1: Ball
2-1: Ball
3-1: Base on Balls
Pitching: LHP Ángel Gonzáles
Pinch Hitting: RHB Dennis House 0-0: Called Strike
Throwing error on steal attempt, E2
Norberto Muńóz to third
0-1: Ball
1-1: Intentional Walk
Pitching: LHP Logan Brown
Batting: RHB Jesús Herrera 0-0: Swinging Strike
0-1: Ball
1-1: Called Strike
1-2: Strikes out looking
Batting: RHB Clarence Harrison 0-0: DOUBLE (Line Drive, 7D)
Norberto Muńóz scores
Dennis House to third
Batting: RHB Tim van der Kamp 0-0: Called Strike
0-1: Ball
1-1: Foul Ball, location: 2F
1-2: Strikes out swinging
Batting: LHB Ernesto Meléndez 0-0: Fly out, F8 (Flyball, 78D)
Top of the 7th over - 1 run, 1 hit, 1 error, 2 left on base; Surrey 4 - Jasper 3
BOTTOM OF THE 7TH
Jasper Cougars batting - Pitching for Surrey Sinners : LHP José Morales
Now in CF: Jake Osborn
Now in RF: Omar Llanez
Batting: RHB Alberto Morín 0-0: Ball
1-0: Ball
2-0: Foul Ball, location: 2F
2-1: Swinging Strike
2-2: Strikes out swinging
Batting: RHB Júlio González 0-0: Ground out 4-3 (Groundball, 4)
Batting: RHB Jesús Velásquez 0-0: Swinging Strike
0-1: Swinging Strike
0-2: Strikes out swinging
Bottom of the 7th over - 0 runs, 0 hits, 0 errors, 0 left on base; Surrey 4 - Jasper 3
TOP OF THE 8TH
Surrey Sinners batting - Pitching for Jasper Cougars : LHP Logan Brown
Batting: LHB Iván Espinosa 0-0: Ball
1-0: Ball
2-0: Called Strike
2-1: Called Strike
2-2: Foul Ball, location: 2F
2-2: Reached on error, E6 (Groundball, 6)
Batting: RHB Jorge Barrios 0-0: Ball
1-0: Called Strike
1-1: Ball
2-1: SINGLE (Groundball, 4MD)
Iván Espinosa to second
Runner from 2nd tries for 3rd, SAFE, no throw
Batting: LHB Joe Spears 0-0: Fielders Choice at 2nd, 1-6 (Groundball, P)
Batting: RHB Jake Osborn 0-0: Called Strike
0-1: Fly out, F4 (Popup, 34)
Pinch Hitting: RHB Henry Edwards 0-0: Called Strike
0-1: Called Strike
0-2: Ball
1-2: Ball
2-2: Foul Ball, location: 2F
2-2: Foul Ball, location: 2F
2-2: Ball
3-2: Strikes out swinging
Top of the 8th over - 0 runs, 1 hit, 1 error, 2 left on base; Surrey 4 - Jasper 3
BOTTOM OF THE 8TH
Jasper Cougars batting - Pitching for Surrey Sinners : LHP José Morales
Now in RF: Pat Simms
Batting: RHB Ben Wilson 0-0: Foul Ball, location: 2F
0-1: Ball
1-1: Fly out, F7 (Line Drive, 78M)
Batting: SHB Lonnie Washington 0-0: Ball
1-0: Called Strike
1-1: Swinging Strike
1-2: Ball
2-2: Strikes out swinging
Batting: RHB José Maldonado 0-0: Ball
1-0: Ball
2-0: Called Strike
2-1: Ball
3-1: Ground out 2-3 (Groundball, 2R)
Bottom of the 8th over - 0 runs, 0 hits, 0 errors, 0 left on base; Surrey 4 - Jasper 3
TOP OF THE 9TH
Surrey Sinners batting - Pitching for Jasper Cougars : LHP Logan Brown
Pitching: RHP George Stout
Batting: RHB Jesús Herrera 0-0: Swinging Strike
0-1: Foul Ball, location: 2F
0-2: Foul Ball, location: 2F
0-2: Strikes out looking
Batting: RHB Clarence Harrison 0-0: Ball
1-0: Ball
2-0: Ball
3-0: Called Strike
3-1: Base on Balls
Pinch Hitting: LHB Trey Fitzpatrick 0-0: Ball
1-0: Ball
Clarence Harrison steals 2nd base
2-0: Ground out 5-3 (Groundball, 56)
Batting: LHB Ernesto Meléndez 0-0: Swinging Strike
0-1: Called Strike
0-2: Ball
1-2: Strikes out swinging
Top of the 9th over - 0 runs, 0 hits, 0 errors, 1 left on base; Surrey 4 - Jasper 3
BOTTOM OF THE 9TH
Jasper Cougars batting - Pitching for Surrey Sinners : LHP José Morales
Pitching: RHP Ernest Jiménez
Now at 3B: Trey Fitzpatrick
Batting: SHB Jerry Young 0-0: Called Strike
0-1: Ball
1-1: Ball
2-1: Ball
3-1: Called Strike
3-2: Foul Ball, location: 2F
3-2: Foul Ball, location: 2F
3-2: Strikes out swinging
Pinch Hitting: LHB John Miller 0-0: Foul Ball, location: 2F
0-1: Ball
1-1: Foul Ball, location: 2F
1-2: Ball
2-2: Ball
3-2: Foul Ball, location: 2F
3-2: SINGLE (Groundball, 34D)
Batting: RHB Alberto Castillo 0-0: Ball
1-0: Ball
2-0: Fly out, F8 (Flyball, 8RD)
Pinch Hitting: RHB Andrew Weatherly 0-0: Ball
1-0: Ball
2-0: Swinging Strike
2-1: SINGLE (Groundball, 6MD)
John Miller to second
Runner from 2nd tries for 3rd, OUT!
Bottom of the 9th over - 0 runs, 2 hits, 0 errors, 1 left on base; Surrey 4 - Jasper 3
Saturday, December 16th, 2017 - OOTP Baseball 18.8 Build 76